 Dungeon Crawl Stone Soup version 0.30.0-16-gbe6223bb7e (webtiles) character file.

Game seed: 13670082042604970010

528 Strat the Trooper (level 7, -6/64 HPs)
             Began as a Grey Draconian Delver on May 20, 2023.
             Mangled by an ice beast (14 damage)
             ... on level 3 of the Dungeon.
             The game lasted 00:11:46 (4761 turns).

Strat the Trooper (Grey Draconian Delver)           Turns: 4761, Time: 00:11:47

Health: -6/64      AC: 17    Str: 14    XL:     7   Next: 3%
Magic:  7/7        EV: 12    Int: 13    God:
Gold:   230        SH:  0    Dex: 12    Spells: 6/6 levels left

rFire   . . .        a - +0 short sword
rCold   . . .        (no shield)
rNeg    . . .        (body armour unavailable)
rPois   .            (helmet restricted)
rElec   .            (no cloak)
rCorr   .            (no gloves)
SInv    .            g - +1 pair of boots
Will    .....        (no amulet)
Stlth   +++          l - +4 ring of protection
HPRegen 0.30/turn    (no ring)
MPRegen 0.10/turn

%: no passive effects
@: no status effects
A: AC +11, amphibious, unfitting armour, cold-blooded
a: no special abilities


You were on level 3 of the Dungeon.
You visited 2 branches of the dungeon, and saw 6 of its levels.

You collected 230 gold pieces.

Inventory:

Hand Weapons
 a - a +0 short sword (weapon)
 h - a +0 quarterstaff
Armour
 g - a +1 pair of boots (worn)
Jewellery
 l - a +4 ring of protection (left hand)
Wands
 f - a wand of digging (3)
 q - a wand of polymorph (6)
Scrolls
 b - a scroll of fog
 c - a scroll of magic mapping
 e - a scroll of amnesia
 m - a scroll of enchant armour
 n - 2 scrolls of identify
Potions
 d - 3 potions of mutation
 i - a potion of attraction {unknown}
 j - a potion of ambrosia
 k - 2 potions of cancellation
 o - a potion of brilliance {unknown}
 r - a potion of heal wounds {unknown}


   Skills:
 + Level 6.6 Fighting
 + Level 4.9 Short Blades
 - Level 1.7 Dodging
 - Level 5.2 Stealth


You had 6 spell levels left.
You didn't know any spells.
Your spell library contained the following spells:

 Spells                   Type           Power      Damage    Failure   Level
 Cigotuvi's Dreadful Rot  Necr/Pois/Air  0%         N/A       43%         2
 Ignite Poison            Fire/Tmut/Pois 0%         N/A       67%         3
 Freezing Cloud           Conj/Ice/Air   0%         6-21      100%        5


Dungeon Overview and Level Annotations

Branches:
Dungeon (5/15)             Temple (1/1) D:4

Altars:
Ashenzari
Cheibriados
Dithmenos
Fedhas
Okawaru
Qazlal
Trog
Uskayaw
Wu Jian
Xom
Zin


Innate Abilities, Weirdness & Mutations

Your dull iron-grey scales are very hard. (AC +11)
You are amphibious.
You cannot fit into any form of body armour.
You are cold-blooded and may be slowed by cold attacks.


Message History

You tail-slap the ice beast, but do no damage.
The ice beast is moderately wounded.
You hit the ice beast but do no damage.
Your tail-slap misses the ice beast.
The ice beast is moderately wounded.
The ice beast hits you but does no damage.
You barely miss the ice beast.
The ice beast is moderately wounded.
The ice beast hits you but does no damage.
You hit the ice beast but do no damage.
Your tail-slap misses the ice beast.
The ice beast is moderately wounded.
The ice beast hits you but does no damage.
You hit the ice beast but do no damage.
The ice beast is moderately wounded.
You barely miss the ice beast. Your punch misses the ice beast.
The ice beast is moderately wounded.
The ice beast hits you.
* * * LOW HITPOINT WARNING * * *
The ice beast freezes you!
* * * LOW HITPOINT WARNING * * *
You hit the ice beast but do no damage.
The ice beast is moderately wounded.
The ice beast hits you but does no damage.
Unknown command.
You hit the ice beast.
The ice beast is moderately wounded.
The ice beast hits you but does no damage.
You barely miss the ice beast.
Your tail-slap misses the ice beast.
The ice beast is moderately wounded.
You hit the ice beast.
The ice beast is moderately wounded.
The ice beast hits you but does no damage.
You hit the ice beast.
Your tail-slap misses the ice beast.
The ice beast is heavily wounded.
The ice beast hits you but does no damage.
You hit the ice beast.
The ice beast is heavily wounded.
The ice beast hits you.
* * * LOW HITPOINT WARNING * * *
The ice beast freezes you!
You die...

######...........#...............
# ###..............##########. #
#......##.#..........# #.
############..##.####.#####.# #.
.......# ###..##.####.### #.# #.
.#####.# #..............# #.# #.
.# #.# #.#####..###.#.# #.####.
.# #<###....##..# #.#.###.##...
.## #.##.....##@.# #รท#.##...#.##
..# #.##......Y..# #.#....#...##
#.# #.##.........# #.####>..####
#.# #.##.........# #.# ##.#####
#.# #..........>.# #.# #.#....
#.# ######......## #.# #.#.###
#.# #......####.# #.#.### #.#####
#.##.####...# #..#.##
......#####.........#.#####.###.#


You could see an ice beast.

Vanquished Creatures
  A black bear (D:3)
  A scorpion (D:4)
  2 howler monkeys (D:5)
  A jelly (D:4)
  2 hounds (D:5)
  An iguana (D:3)
  2 gnolls
  5 adders
  A river rat (D:5)
  A white imp (D:5)
  6 worms
  A dart slug (D:4)
  6 orcs
  8 ball pythons
  9 endoplasms
  3 giant cockroaches
  A goblin (D:4)
  3 hobgoblins
  16 jackals
  5 kobolds
  4 quokkas
  5 bats
  3 frilled lizards (D:2)
  2 rats (D:1)
89 creatures vanquished.

Notes
Turn   | Place    | Note
-------+----------+-------------------------------------------
     0 | D:5      | Strat the Draconian Delver began the quest for the Orb.
     0 | D:5      | Reached XP level 1. HP: 19/19 MP: 1/1
   201 | D:4      | Reached XP level 2. HP: 26/26 MP: 2/2
   761 | D:1      | Reached skill level 5 in Stealth
   845 | D:1      | Reached skill level 4 in Fighting
   989 | D:1      | Reached XP level 3. HP: 27/33 MP: 3/3
  1913 | D:3      | Reached XP level 4. HP: 41/41 MP: 4/4
  2298 | D:4      | Found a staircase to the Ecumenical Temple.
  2359 | Temple   | Entered the Ecumenical Temple
  2647 | D:4      | HP: 2/41 [sleepcap (5)]
  2878 | D:4      | Reached skill level 5 in Fighting
  2878 | D:4      | Reached XP level 5. HP: 26/48 MP: 5/5
  2910 | D:4      | Noticed a black bear
  2960 | D:3      | Killed a black bear
  3393 | D:3      | Reached XP level 6. HP: 9/57 MP: 6/6
  3966 | D:4      | Reached skill level 6 in Fighting
  4352 | D:5      | Noticed an ice beast
  4618 | D:5      | Your scales start taking on a dull iron-grey colour.
  4618 | D:5      | Reached XP level 7. HP: 55/64 MP: 7/7
  4761 | D:3      | Mangled by an ice beast

Illustrated notes

Levels and vault maps discovered:
D:1:      lemuel_arrival_behind_the_door_small, layout_basic, fountainhead
D:2:      layout_rooms
D:3:      layout_loops_ring, kennysheep_generic_room_6
D:4:      layout_gridville, minmay_temple_entry_tees
D:5:      lemuel_castle_with_subvaults [lemuel_castle_interior_carwin_3],
          layout_basic, cheibrodos_sewer_entry_sluice, uniq_eustachio
Temple:   hellmonk_temple_of_storms

Skill      XL: |  1  2  3  4  5  6 |
---------------+-------------------+-----
Stealth        | 5 |  5.2
Fighting       | 4 5 6 |  6.6
Short Blades   | 3 4 |  4.9
Dodging        | |  1.7

Action                     |  1- 3 |  4- 6 |  7- 9 || total
---------------------------+-------+-------+-------++-------
  Melee: Short sword       |   177 |   481 |    35 ||   693
         Tailslap          |    17 |    58 |     3 ||    78
         Punch             |     3 |     3 |       ||     6
    Use: Scroll            |     7 |     2 |       ||     9
         Potion            |       |     4 |     1 ||     5
   Stab: Sleeping          |    12 |     4 |       ||    16
 Armour: Skin              |    55 |   268 |    19 ||   342
  Dodge: Dodged            |   123 |   359 |    16 ||   498
